 Dungeon Crawl Stone Soup version 0.29.0-4-gdea44cf6ec (webtiles) character file.

Game seed: 5891030660690203487

49 Axelsxxd the Insei (level 3, -2/24 HPs)
             Began as an Octopode Transmuter on Aug 27, 2022.
             Splashed by a jelly's acid (8 damage)
             ... on level 4 of the Dungeon.
             The game lasted 00:02:49 (1857 turns).

Axelsxxd the Insei (Octopode Transmuter)            Turns: 1857, Time: 00:02:50

Health: -2/24      AC: -7    Str: 11    XL:     3   Next: 77%
Magic:  6/6        EV: 10    Int: 15    God:
Gold:   84         SH:  0    Dex: 12    Spells: 3/6 levels left

rFire   . . .      SeeInvis .     - Unarmed
rCold   . . .      Faith    .   (no shield)
rNeg    . . .      Spirit   .   (helmet restricted)
rPois   .          Reflect  .   (no amulet)
rElec   .          Harm     .   (no ring)
rCorr   .          Rampage  .   (no ring)
Will    .....                   (no ring)
Stlth   ++........              (no ring)
HPRegen 0.08/turn               (no ring)
MPRegen 0.10/turn               (no ring)
                                (no ring)
                                (no ring)

@: corroded, constricted
A: almost no armour, amphibious, 8 rings, camouflage 1, gelatinous body 1,
(nimble swimmer 1), tentacles
a: no special abilities


You were on level 4 of the Dungeon.
You visited 1 branch of the dungeon, and saw 3 of its levels.

You collected 84 gold pieces.

Inventory:

Scrolls
 b - 2 scrolls of magic mapping {unknown}
 c - a scroll of fear {unknown}
 d - a scroll of butterflies {unknown}
 e - 3 scrolls of teleportation {unknown}
 i - 2 scrolls of identify {unknown}
Potions
 a - a potion of lignification
 f - a potion of curing {unknown}
 g - a potion of flight {unknown}
 h - a potion of heal wounds {unknown}
 j - a potion of brilliance {unknown}
 k - a potion of degeneration {unknown}


   Skills:
 + Level 1.7 Fighting
 + Level 2.4 Dodging
 + Level 3.3 Unarmed Combat
 + Level 2.3 Spellcasting
 + Level 2.4 Transmutations


You had 3 spell levels left.
You knew the following spells:

 Your Spells              Type           Power      Damage    Failure   Level
a - Beastly Appendage     Tmut           18%        N/A       8%          1
b - Wereblood             Tmut           9%         N/A       12%         2

Your spell library contained the following spells:

 Spells                   Type           Power      Damage    Failure   Level
 Poisonous Vapours        Pois/Air       2%         N/A       32%         2
 Spider Form              Tmut/Pois      5%         N/A       36%         3
 Ice Form                 Ice/Tmut       5%         N/A       77%         4
 Corpse Rot               Necr/Pois/Air  1%         N/A       91%         4


Dungeon Overview and Level Annotations

Branches:
Dungeon (2/15)

Altars:
Uskayaw


Innate Abilities, Weirdness & Mutations

You cannot wear most types of armour.
You are amphibious.
You can wear up to eight rings at the same time.
Your skin changes colour to match your surroundings (Stealth+).
Your rubbery body absorbs attacks. (AC +1, EV +1)
((You are camouflaged when in or above water. (Stealth+)))
You have tentacles for arms and can constrict up to eight enemies at once.


Message History

a +0 dagger; a +0 sling; a goblin corpse A sourceless malevolence fills the Dungeon...
You fall into a shaft and drop 2 floors!
The shaft crumbles and collapses.
A jelly comes into view.
A jelly is nearby!
Casting: Beastly Appendage (safe; 8% risk of failure)
Confirm with . or Enter, or press ? or * to list all spells.
One of your tentacles grows a vicious spike.
A ball python comes into view.
Your transformation is almost over.
The ball python hisses angrily.
The ball python barely misses you. x2
The jelly quivers.
The jelly barely misses you. The ball python bites you.
The ball python closely misses you.
Unknown command.
You tentacle-slap the jelly. The acid corrodes you!
Your tentacles burn!
You pierce the jelly.
Your squeeze misses the jelly.
The jelly is moderately wounded.
The ball python closely misses you. x2
You tentacle-slap the jelly. The acid corrodes you!
Your tentacles burn!
You pierce the jelly, but do no damage.
The jelly is heavily wounded.
The ball python misses you. The ball python grabs you.
The ball python constricts you. The jelly barely misses you.
You tentacle-slap the jelly.
Your tentacles burn!
You squeeze the jelly, but do no damage.
The jelly is severely wounded.
The ball python barely misses you. The ball python constricts you.
The jelly barely misses you.
You tentacle-slap the jelly but do no damage.
Your tentacles burn!
You squeeze the jelly, but do no damage.
The jelly is severely wounded.
Your tentacle spike disappears.
The ball python bites you. The ball python constricts you. The jelly hits you.
* * * LOW HITPOINT WARNING * * *
You are splashed with acid!
You die...

#. ............
...#..........# ...
..#.........##....
..##........#... .
#.........#..##..
###.........#......
#J.....?..........
#S@.............#
#................####
##..................###
#....................#
#....................##
##...#........##.#.#.#
######.......##.....#
#####..###..#..# ###
#######


You could see a jelly and a ball python.

Vanquished Creatures
  An adder (D:2)
  2 worms (D:2)
  A ball python (D:2)
  3 endoplasms (D:1)
  A giant cockroach (D:1)
  4 goblins
  5 hobgoblins
  4 jackals (D:1)
  A quokka (D:1)
  4 bats
  2 kobolds (D:1)
  3 rats (D:1)
31 creatures vanquished.

Notes
Turn   | Place    | Note
-------+----------+-------------------------------------------
     0 | D:1      | Axelsxxd the Octopode Transmuter began the quest for the
                  | Orb.
     0 | D:1      | Reached XP level 1. HP: 13/13 MP: 3/3
    23 | D:1      | Reached XP level 2. HP: 5/18 MP: 5/5
    27 | D:1      | Learned a level 2 spell: Wereblood
  1036 | D:1      | Reached XP level 3. HP: 23/23 MP: 2/6
  1377 | D:2      | Found a hide-covered altar of Uskayaw.
  1636 | D:2      | Found a faded altar of an unknown god.
  1837 | D:2      | You fall into a shaft and drop 2 floors!
  1857 | D:4      | Splashed by a jelly's acid

Illustrated notes

Levels and vault maps discovered:
D:1:      moated_graveyard_arrival, layout_loops_corners, nrook_uturn
D:2:      layout_loops_cross, shapermc_ecumenical_altar_mp_ritualfount,
          basic_altar, uniq_sigmund
D:4:      layout_cave_pools, uniq_duvessa, uniq_menkaure, uniq_natasha

Action                   || total
-------------------------++-------
Melee: Unarmed           ||    59
       Constrict         ||    16
       Kick              ||    19
       Tentacles         ||     9
 Cast: Beastly Appendage ||    18
       Wereblood         ||     2
 Stab: Sleeping          ||     7
Armor: Skin              ||     6
Dodge: Dodged            ||    48
